[Event "Titled Tuesday Blitz May 31 Early 2022"]
[White "Tymrakiewicz, Rafal"]
[Black "Samunenkov, Ihor"]
[WhiteFideId "1108832"]
[BlackFideId "14187086"]
[WhiteElo "2205"]
[BlackElo "2409"]
[Result "0-1"]
[Round "11"]
[TimeControl "180+1"]
[Date "2022.06.01"]
[WhiteClock "0:00:14"]
[BlackClock "0:00:29"]

1. e4 c5 2. c3 d5 3. exd5 Qxd5 4. d4 Nf6 5. Be3 cxd4 6. cxd4 e6 7. Nc3 Qd8 8. Nf3 Be7 9. Bd3 O-O 10. O-O Nc6 11. Qe2 b6 12. Rac1 Bb7 13. Rfd1 Nb4 14. Bb1 Nbd5 15. Ne4 Nxe3 16. Qxe3 Rc8 17. Rxc8 Qxc8 18. Nfg5 Nxe4 19. Nxe4 Rd8 20. h4 Qc6 21. f3 Bxh4 22. Rc1 Qd7 23. Rd1 Be7 24. Kf2 h6 25. g4 Bc5 26. dxc5 Qxd1 27. Nd6 Qxb1 28. Nxb7 Qc2+ 29. Kg3 Rb8 30. Nd6 Qxc5 31. Ne4 Qxe3 0-1


[Site "https://www.chess.com"]

[Event "Titled Tuesday Blitz May 31 Early 2022"]
[White "Urazayev, Arystanbek"]
[Black "Melikyan, Gnel"]
[WhiteFideId "13709810"]
[BlackFideId "54109990"]
[WhiteElo "2422"]
[BlackElo "1772"]
[Result "1-0"]
[Round "11"]
[TimeControl "180+1"]
[Date "2022.05.31"]
[WhiteClock "0:02:47"]
[BlackClock "0:01:43"]

1. e4 c5 2. Nf3 Nc6 3. Bb5 g6 4. O-O Bg7 5. c3 Nf6 6. e5 Nd5 7. d4 cxd4 8. cxd4 O-O 9. Re1 d6 10. Nc3 Nxc3 11. bxc3 dxe5 12. Bxc6 bxc6 13. Nxe5 Qd5 14. Ba3 Re8 15. Bc5 Bf5 16. c4 Qe6 17. g4 Be4 18. Rxe4 f6 19. d5 cxd5 20. cxd5 Qc8 21. Nc6 f5 22. Rxe7 Bxa1 23. Qxa1 Qa6 24. Qg7# 1-0


[Site "https://www.chess.com"]

[Event "Titled Tuesday Blitz May 31 Early 2022"]
[White "Vajda, Levente"]
[Black "Vlachos, Anatole"]
[WhiteFideId "1203975"]
[BlackFideId "26093189"]
[WhiteElo "2573"]
[BlackElo "2361"]
[Result "1-0"]
[Round "11"]
[TimeControl "180+1"]
[Date "2022.05.31"]
[WhiteClock "0:00:03"]
[BlackClock "0:00:06"]

1. e4 g6 2. d4 Bg7 3. Nc3 d6 4. Nf3 a6 5. Bd3 b5 6. O-O Bb7 7. Re1 Nd7 8. e5 dxe5 9. Bg5 h6 10. Bh4 g5 11. Bg3 exd4 12. Ne4 Ngf6 13. Nexg5 hxg5 14. Nxd4 O-O 15. Nf5 e6 16. Nxg7 Kxg7 17. Qd2 Nd5 18. b3 b4 19. a3 a5 20. Re4 Nf4 21. Bxf4 Bxe4 22. Bxg5 Nf6 23. Rd1 Bxd3 24. Qf4 Nh5 25. Qg4 Bf5 26. Qxh5 Qxd1+ 27. Qxd1 f6 28. Be3 Rad8 29. Qa1 Bxc2 30. Bd4 e5 31. Qb2 Rxd4 32. Qxc2 Rfd8 33. h3 bxa3 34. Qxc7+ R8d7 35. Qxa5 Rd1+ 36. Kh2 R1d2 37. Qa4 a2 38. b4 Rc7 39. Qa3 Rcc2 40. b5 Rxf2 41. Qe7+ Kg6 42. Qe8+ Kg5 43. Qg8+ Kf5 44. Qg4# 1-0


[Site "https://www.chess.com"]

[Event "Titled Tuesday Blitz May 31 Early 2022"]
[White "Vasquez Schroeder, Rodrigo"]
[Black "Yilmaz, Mustafa"]
[WhiteFideId "3400042"]
[BlackFideId "6302718"]
[WhiteElo "2567"]
[BlackElo "2568"]
[Result "1-0"]
[Round "11"]
[TimeControl "180+1"]
[Date "2022.05.31"]
[WhiteClock "0:00:30"]
[BlackClock "0:00:01"]

1. e4 c5 2. Nf3 Nc6 3. Bb5 e6 4. Bxc6 bxc6 5. d3 Ne7 6. Qe2 Ng6 7. h4 h5 8. e5 f6 9. Qe4 Kf7 10. Na3 d5 11. exd6 Bxd6 12. Nc4 e5 13. Bd2 Be6 14. Ne3 Qd7 15. b3 Rae8 16. O-O-O Nf4 17. g3 Ne2+ 18. Kb1 Nd4 19. Rhe1 Bg4 20. Nxg4 hxg4 21. Nxd4 exd4 22. Qg2 Be5 23. Re4 f5 24. Re2 Qd5 25. Qf1 Bd6 26. Rde1 Qf3 27. Bg5 Rxe2 28. Qxe2 Qxe2 29. Rxe2 a6 30. Kb2 Rb8 31. c3 Rc8 32. Kc2 Rb8 33. Bc1 Rh8 34. Bb2 f4 35. cxd4 fxg3 36. fxg3 cxd4 37. Bxd4 Bxg3 38. Rg2 Bxh4 39. Rxg4 Bf6 40. a4 Rh2+ 41. Kc3 Ke6 42. b4 Kd5 43. Bxf6 gxf6 44. Rd4+ Ke5 45. Rc4 Kd5 46. Rc5+ Kd6 47. Ra5 Rh1 48. Rxa6 Kc7 49. Ra7+ Kd6 50. Rf7 Ke6 51. Rf8 f5 52. a5 Rb1 53. Re8+ Kd6 54. Ra8 Kd5 55. a6 Ra1 56. a7 Kd6 57. Rd8+ 1-0


[Site "https://www.chess.com"]

[Event "Titled Tuesday Blitz May 31 Early 2022"]
[White "Vokhidov, Shamsiddin"]
[Black "Sjugirov, Sanan"]
[WhiteFideId "14204223"]
[BlackFideId "4189302"]
[WhiteElo "2611"]
[BlackElo "2602"]
[Result "0-1"]
[Round "11"]
[TimeControl "180+1"]
[Date "2022.05.31"]
[WhiteClock "0:00:06"]
[BlackClock "0:00:03"]

1. e4 e5 2. Nf3 Nc6 3. Nc3 Nf6 4. a3 d5 5. Bb5 Nxe4 6. Qe2 Nxc3 7. Qxe5+ Qe7 8. dxc3 Bd7 9. Qxe7+ Bxe7 10. Bf4 O-O-O 11. O-O-O Bg4 12. Be2 Rhe8 13. h3 Bh5 14. Rhe1 Bd6 15. Be3 Bf8 16. g4 Bg6 17. Nh4 Be4 18. Bb5 Be7 19. Nf5 Bxf5 20. gxf5 a6 21. Be2 Ne5 22. Rg1 Bf6 23. Bd4 c6 24. Rde1 g6 25. fxg6 hxg6 26. Bb6 Rd7 27. Bg4 Bg5+ 28. Kd1 f5 29. Bxf5 gxf5 30. Rxg5 Rde7 31. Rxf5 Nc4 32. Rxe7 Rxe7 33. Rf8+ Kd7 34. Bc5 Rh7 35. b3 Ne5 36. f4 Ng6 37. Rf6 Nh4 38. f5 Nf3 39. Rd6+ Kc7 40. Re6 Ng5 41. Re7+ Rxe7 42. Bxe7 Nxh3 43. Bf6 Kd7 44. Be5 Nf2+ 45. Ke2 Ne4 46. Ke3 c5 47. c4 Kc6 48. f6 Ng5 49. Kf4 Nf7 50. Kf5 dxc4 51. Ke6 Ng5+ 52. Kf5 Nf7 53. bxc4 Kd7 54. Bf4 b5 55. Be3 bxc4 56. Bxc5 Nd8 57. Kg6 Ke6 58. Bb6 Nf7 59. Bc7 Nh8+ 60. Kg7 Nf7 61. a4 Ng5 62. a5 Nf7 63. Kg6 Nh8+ 64. Kg7 Nf7 65. Bf4 Nd8 66. Bg3 Nf7 67. c3 Ng5 68. Kg6 Nf7 69. Bf4 Nh8+ 70. Kg7 Nf7 71. Be3 Ne5 72. Bd4 Nf7 73. Kf8 Nd6 74. Kg8 Nf7 75. Kg7 Nd6 76. Kf8 Nb7 77. Ke8 Nd6+ 78. Kd8 Nb7+ 79. Ke8 Nd6+ 80. Kf8 Nb7 81. Kg8 Nd6 82. Bc5 Nf7 83. Be7 Ne5 84. Kf8 Nf7 85. Ke8 Ng5 86. Kd8 Ne4 87. Bb4 Nxf6 88. Kc7 Nd5+ 0-1


[Site "https://www.chess.com"]

[Event "Titled Tuesday Blitz May 31 Early 2022"]
[White "Xu, Yi"]
[Black "Demchenko, Anton"]
[WhiteFideId "8605564"]
[BlackFideId "4160258"]
[WhiteElo "2471"]
[BlackElo "2539"]
[Result "1-0"]
[Round "11"]
[TimeControl "180+1"]
[Date "2022.05.31"]
[WhiteClock "0:00:30"]
[BlackClock "0:00:03"]

1. e4 e5 2. Nf3 Nc6 3. Bc4 Nf6 4. d3 h6 5. O-O d6 6. a4 g6 7. a5 a6 8. Nc3 Bg7 9. h3 O-O 10. Be3 Be6 11. Re1 Qd7 12. Qd2 Kh7 13. Bxe6 fxe6 14. Nh2 g5 15. Ne2 d5 16. Bc5 Rf7 17. Qe3 Qe8 18. Ng3 Nd7 19. Ba3 Nxa5 20. Nh5 d4 21. Qg3 Nc6 22. h4 Nf6 23. hxg5 hxg5 24. Qxg5 Nxh5 25. Qxh5+ Kg8 26. Ng4 Rf4 27. Qg5 Qd8 28. Nh6+ Kh7 29. Qxd8 Rxd8 30. g3 Bxh6 31. gxf4 exf4 32. f3 Bg5 33. Re2 Kg6 34. Rh2 Bf6 35. Kf2 Rd7 36. Rg1+ Kf7 37. Rh7+ Ke8 38. Rg8# 1-0


[Site "https://www.chess.com"]

[Event "Titled Tuesday Blitz May 31 Early 2022"]
[White "Yuan, Qingyu"]
[Black "Stevens, Christian"]
[WhiteFideId "8609772"]
[BlackFideId "2604450"]
[WhiteElo "2359"]
[BlackElo "2497"]
[Result "1-0"]
[Round "11"]
[TimeControl "180+1"]
[Date "2022.06.01"]
[WhiteClock "0:00:07"]
[BlackClock "0:00:04"]

1. e4 c5 2. Nf3 e6 3. b3 Nc6 4. Bb2 d6 5. d4 cxd4 6. Nxd4 Nf6 7. Nd2 Be7 8. Bd3 O-O 9. Qe2 e5 10. Nxc6 bxc6 11. O-O Bg4 12. f3 Bh5 13. Rad1 Qc7 14. Nc4 Rfe8 15. Qf2 Bf8 16. Rfe1 Nd7 17. Ne3 Nb6 18. a4 a5 19. Nc4 Nd7 20. Bf1 Re6 21. Kh1 Kh8 22. Ne3 Bg6 23. Rd2 Nf6 24. Red1 Bxe4 25. fxe4 Nxe4 26. Qh4 Nxd2 27. Rxd2 d5 28. Bd3 e4 29. Be2 Kg8 30. Nf5 Rae8 31. h3 Rg6 32. Bh5 e3 33. Re2 Rge6 34. Bg4 Qf4 35. Qe1 c5 36. g3 Qe4+ 37. Kh2 h5 38. Nxg7 hxg4 39. Nxe6 Rxe6 40. c3 d4 41. cxd4 cxd4 42. Qxa5 d3 43. Qg5+ Rg6 44. Qxe3 Qxe3 45. Rxe3 d2 46. Rd3 Rd6 47. Bd4 Bg7 48. Rxd2 Bxd4 49. Kg2 f5 50. hxg4 fxg4 51. a5 Kf7 52. b4 Ke6 53. b5 Bc5 54. Re2+ Kd5 55. b6 Kc6 56. Rc2 Kb5 57. b7 Ba7 58. Rc8 Kxa5 59. b8=Q Bxb8 60. Rxb8 Rd2+ 61. Kf1 Rd3 62. Kf2 Rd2+ 63. Ke3 Rc2 64. Kf4 Rc4+ 65. Kf5 Rd4 66. Kg5 Re4 67. Rf8 Kb6 68. Rf4 Re1 69. Kxg4 Kc6 70. Rd4 Kc5 71. Rd2 Re3 72. Kf4 Rd3 73. Rxd3 1-0